 Dungeon Crawl Stone Soup version 0.23.2-33-g5129a83184 (webtiles) character file.

Game seed: 6265166094013622722

413 DorianNounverber the Digger (level 6, -4/36 HPs)
             Began as a Gargoyle Earth Elementalist on July 16, 2019.
             Slain by Richi's ghost (8 damage)
             ... on level 3 of the Dungeon.
             The game lasted 00:10:05 (3855 turns).

DorianNounverber the Digger (GrEE)                  Turns: 3855, Time: 00:10:06

Health: -4/36      AC:  8    Str: 11    XL:     6   Next: 91%
Magic:  6/11       EV: 12    Int: 18    God:
Gold:   198        SH:  0    Dex: 10    Spells: 4/12 levels left

rFire    + . .     SeeInvis .   i - +1 dagger (drain)
rCold    x . .     Gourm    .   (no shield)
rNeg     + + .     Faith    .   c - +0 robe
rPois    ∞         Spirit   .   f - +0 helmet
rElec    +         Reflect  .   (no cloak)
rCorr    .         Harm     .   z - +0 pair of gloves
MR       .....                  (no boots)
Stlth    ++........             g - amulet of rage
HPRegen  0.12/turn              a - ring of positive energy
MPRegen  0.12/turn              r - ring of fire

@: no status effects
A: negative energy resistance 1, electricity resistance, unbreathing,
petrification resistance, rot immunity, AC +4
a: Evoke Berserk Rage


You were on level 3 of the Dungeon.
You were not hungry.

You visited 1 branch of the dungeon, and saw 4 of its levels.

You collected 198 gold pieces.

Inventory:

Hand Weapons
 e - a +0 club
 i - a +1 dagger of draining (weapon)
 x - a +0 quarterstaff
 y - a +0 flail
 B - a +0 quarterstaff
Missiles
 b - 204 stones (quivered)
 h - 2 poisoned javelins
 s - 5 tomahawks
Armour
 c - a +0 robe (worn)
 f - a +0 helmet (worn)
 z - a +0 pair of gloves (worn)
 E - the +2 scale mail of the Dwarven Hall {rF+ SInv}
   (You found it on level 4 of the Dungeon)

   It protects you from fire.
   It lets you see invisible.
Jewellery
 a - a ring of positive energy (left hand)
 g - an amulet of rage (around neck)
 r - a ring of fire (right hand)
 w - an uncursed ring of poison resistance {unknown}
Wands
 p - a wand of iceblast (13)
Scrolls
 j - 10 scrolls of identify {unknown}
 l - 3 scrolls of teleportation {unknown}
 o - a scroll of fog {unknown}
 u - a scroll of remove curse {unknown}
Potions
 k - a potion of mutation {unknown}
 m - 4 potions of degeneration {unknown}
 n - a potion of curing {unknown}
 q - a potion of lignification {unknown}
 t - a potion of cancellation {unknown}
 v - a potion of flight {unknown}
 A - 2 potions of invisibility {unknown}
 C - a potion of might {unknown}
 D - a potion of agility {unknown}
Comestibles
 d - 6 rations


   Skills:
 + Level 2.6 Fighting
 + Level 2.6 Dodging
 - Level 2.1 Stealth
 * Level 3.9 Spellcasting
 + Level 2.0 Conjurations
 - Level 0.7 Transmutations
 * Level 5.5 Earth Magic
 + Level 0.9 Evocations


You had 4 spell levels left.
You knew the following spells:

 Your Spells              Type           Power        Failure   Level  Hunger
a - Sandblast             Erth           ###...       1%          1    None
b - Stone Arrow           Conj/Erth      ###...       10%         3    ###....
c - Petrify               Tmut/Erth      ##......     38%         4    ####...

Your spell library contained the following spells:

 Spells                   Type           Power        Failure   Level  Hunger
 Passwall                 Tmut/Erth      ##......     6%          2    ##.....
 Lee's Rapid Deconstruct  Erth           ###.......   38%         5    ######.


Dungeon Overview and Level Annotations

Branches:
Dungeon (4/15)
 Temple: D:4-7

Altars:
Elyvilon
Makhleb
Zin
The Shining One

Annotations:
D:3 Richi's ghost, novice TrBe
D:4 1 runed translucent door


Innate Abilities, Weirdness & Mutations

You are resistant to torment.
Your stone body is resilient. (AC +4)
You are immune to poison.
You resist negative energy. (rN+)
You are resistant to electric shocks. (rElec)
You can survive without breathing.
You are immune to petrification.
You are immune to rotting.


Message History

The blast of sand misses Richi's ghost.
The blast of sand hits the centaur skeleton!
The centaur skeleton is moderately damaged.
b - 204 stones Richi's ghost barely misses you.
You closely miss Richi's ghost.
Richi's ghost is moderately damaged.
Richi's ghost hits you!
* * * LOW HITPOINT WARNING * * *
Okay, then.
There is a stone staircase leading up here.
The centaur skeleton hits you.
Richi's ghost crushes a nearby insect and laughs.
Richi's ghost hits you!
* * * LOW HITPOINT WARNING * * *
You climb upwards.
There is a stone staircase leading down here.
Unknown command.
Richi's ghost hits you!
You die...

#.# #.....(.# #.# #.#####.#
##.####.# #.# ##.......# #.# ###
.......### #.############.#
######.# #.#<...........#
....(#.# #.#..#########.#
####.#.#######.#..........#.#
[............#.#@########.#.#####
...............W>................
####.#.#####...#.########.#.#####
#.#.# ##..#.................
####.#.# #..#.########.#.###..
.....#.#######.#..............#.#
#............#.#...####.###.#.#.#
...###.#####.#........#.#...#.#.#
.......####........##.#.#..[..#.#


You could see Richi's ghost.

Vanquished Creatures
  2 ogres (D:4)
  A hound (D:4)
  An iguana (D:4)
  A hound zombie (D:4)
  7 adders
  4 oozes
  An adder skeleton (D:4)
  3 worms
  2 dart slugs (D:3)
  An orc (D:3)
  2 ball pythons
  4 giant cockroaches
  8 goblins
  6 hobgoblins
  10 jackals
  13 bats
  2 frilled lizards
  8 kobolds
  A quokka skeleton (D:4)
  8 rats
85 creatures vanquished.

Vanquished Creatures (others)
  A quokka (D:2)
1 creature vanquished.

Grand Total: 86 creatures vanquished

Notes
Turn   | Place    | Note
-------+----------+-------------------------------------------
     0 | D:1      | DorianNounverber the Gargoyle Earth Elementalist began the
                  | quest for the Orb.
     0 | D:1      | Reached XP level 1. HP: 10/10 MP: 3/3
   121 | D:1      | Reached XP level 2. HP: 15/16 MP: 1/5
   453 | D:1      | Reached skill level 4 in Earth Magic
   635 | D:1      | Reached skill level 1 in Fighting
   635 | D:1      | Reached XP level 3. HP: 20/20 MP: 6/6
   640 | D:1      | Learned a level 3 spell: Stone Arrow
  1014 | D:2      | Reached XP level 4. HP: 14/25 MP: 8/8
  1031 | D:2      | Learned a level 4 spell: Petrify
  1423 | D:2      | Found a white marble altar of Elyvilon.
  1709 | D:3      | Reached skill level 1 in Conjurations
  1788 | D:3      | Found a burning altar of Makhleb.
  2063 | D:3      | Found a glowing golden altar of the Shining One.
  2243 | D:3      | Reached XP level 5. HP: 28/30 MP: 9/9
  2766 | D:4      | Noticed an ogre
  2770 | D:4      | Killed an ogre
  2770 | D:4      | Reached skill level 5 in Earth Magic
  2899 | D:4      | Reached XP level 6. HP: 34/35 MP: 11/11
  3245 | D:4      | Found a glowing silver altar of Zin.
  3245 | D:4      | Noticed an angel
  3252 | D:4      | Found a runed translucent door.
  3438 | D:4      | Found a runed translucent gate.
  3439 | D:4      | Found a runed translucent gate.
  3440 | D:4      | Found a runed translucent gate.
  3442 | D:4      | Noticed Richi's ghost (novice TrBe)
  3654 | D:4      | Got a fine scale mail
  3665 | D:4      | Identified the +2 scale mail of the Dwarven Hall {rF+ SInv}
                  | (You found it on level 4 of the Dungeon)
  3855 | D:3      | Slain by Richi's ghost

Skill      XL: |  1  2  3  4  5  6 |
---------------+-------------------+-----
Earth Magic    | 4 5 |  5.5
Fighting       | 1 2 |  2.6
Dodging        | 2 |  2.6
Spellcasting   | 3 |  3.9
Conjurations   | 1 2 |  2.0
Stealth        | |  2.1
Transmutations | |  0.7
Evocations     | |  0.9

Action                   |  1- 3 |  4- 6 || total
-------------------------+-------+-------++-------
Melee: Unarmed           |    13 |       ||    13
       Dagger            |    57 |   135 ||   192
       Club              |     4 |       ||     4
 Cast: Sandblast         |     7 |    43 ||    50
       Stone Arrow       |       |     2 ||     2
 Stab: Sleeping          |     6 |     5 ||    11
  Eat: Chunk             |       |     8 ||     8
       Ration            |       |     1 ||     1
Armor: Robe              |    31 |    61 ||    92
Dodge: Dodged            |    40 |    91 ||   131
